 Dungeon Crawl Stone Soup version 0.31-a0-150-g89dc3ad700 (webtiles) character file.

Game seed: 6479961552910006610

298 Drazool the Slasher (level 6, -28/46 HPs)
             Began as a Vampire Monk on June 8, 2023.
             Annihilated by an ogre
             ... wielding a +0 giant club
              (34 damage)
             ... on level 5 of the Dungeon on June 9, 2023.
             The game lasted 00:08:25 (2875 turns).

Drazool the Slasher (Vampire Monk)                  Turns: 2875, Time: 00:08:25

Health: -28/46     AC:  3    Str: 16    XL:     6   Next: 13%
Magic:  6/6        EV: 18    Int: 12    God:
Gold:   261        SH:  0    Dex: 19    Spells: 5/5 levels left

rFire   . . .        a - +0 falchion
rCold   . . .        d - orb {light}
rNeg    . . .        f - +0 leather armour
rPois   .            (no helmet)
rElec   .            (no cloak)
rCorr   .            (no gloves)
SInv    +            (no boots)
Will    .....        (no amulet)
Stlth   +            E - +5 ring of evasion
HPRegen 0.47/turn    S - +6 ring of strength
MPRegen 0.10/turn

%: no passive effects
@: healing quickly, glowing
A: alive, fangs 3, see invisible, vampiric 2
a: Exsanguinate


You were on level 5 of the Dungeon.
You visited 1 branch of the dungeon, and saw 5 of its levels.

You collected 261 gold pieces.


Innate Abilities, Weirdness & Mutations

Your natural rate of healing is accelerated.
You have razor-sharp teeth.
You have supernaturally acute eyesight. (SInv)
You are afflicted with vampirism and can become a bat while bloodless.


   Skills:
 - Level 2.6 Fighting
 + Level 6.9 Long Blades
 - Level 3.2 Dodging


You had 5 spell levels left.
You didn't know any spells.
Your spell library contained the following spells:

 Spells                   Type           Power      Damage    Failure   Level
 Beastly Appendage        Tmut           0%         N/A       38%         1
 Static Discharge         Conj/Air       0%         2-2/arc   52%         2
 Wereblood                Tmut           0%         N/A       52%         2
 Spider Form              Tmut/Pois      0%         N/A       77%         3
 Airstrike                Air            0%         2d(0-16)  99%         4
 Summon Lightning Spire   Summ/Air       0%         N/A       99%         4

Inventory:

Hand Weapons
 a - a +0 falchion (weapon)
Missiles
 p - 9 boomerangs (quivered)
Armour
 b - a +0 robe
 d - an orb of light (worn)
 f - a +0 leather armour (worn)
Magical Staves
 u - a staff of poison {!a}
Jewellery
 q - the ring of the Shining One's Whim {rElec rF- rCorr Dex+3}
   (You found it on level 2 of the Dungeon)

   [ring of resist corrosion]

   Dex:       It affects your dexterity (+3).
   rF:        It makes you vulnerable to fire.
   rElec:     It insulates you from electricity.
   rCorr:     It protects you from acid and corrosion.
 E - a +5 ring of evasion (left hand)
 S - a +6 ring of strength (right hand)
Wands
 x - a wand of polymorph (9)
 y - a wand of flame (9)
 z - a wand of digging (8)
Scrolls
 e - 3 scrolls of fear
 g - 2 scrolls of amnesia
 i - a scroll of vulnerability
 j - a scroll of fog
 m - a scroll of summoning {unknown}
 o - a scroll of enchant armour {unknown}
 s - 2 scrolls of enchant weapon
 v - a scroll of poison
 w - a scroll of immolation {unknown}
Potions
 c - a potion of ambrosia
 h - a potion of mutation {unknown}
 k - 3 potions of heal wounds {unknown}
 l - 3 potions of curing {unknown}
 n - 2 potions of degeneration {unknown}
 r - a potion of attraction {unknown}
 t - 2 potions of lignification {unknown}

Dungeon Overview and Level Annotations

Branches:
Dungeon (5/15)
 Temple: D:4-7

Altars:
Kikubaaqudgha
Qazlal
Vehumet

....~≈≈ ....~≈≈
....~≈≈ ###
...~~≈≈ ..#
.?$~≈≈~ #.##
...~≈≈~###..###...
...~≈≈~#O.......#
#~≈≈~@O####.....
#~≈≈~### ..# #~≈≈~
h #.~~≈≈ #.#~≈≈ ..
.~≈≈ . .#~~≈
####~≈


You could see 2 ogres.


Message History

Done exploring.
Done exploring.
(D) Dungeon
Where to? (Enter - D:4, ? - help)
You see here a +0 mace.
You see here a +0 club.
There is a stone staircase leading down here.
You climb downwards.
Found 13 gold pieces and a scroll of identify.
There is a stone staircase leading up here.
An ogre comes into view. It is wielding a +0 giant club.
The ogre shouts!
You hear a shout!
An ogre comes into view. It is wielding a +0 giant club.
The ogre shouts!
You hear a bark!
You hear a shout!
You hit the ogre.
The ogre is lightly wounded.
A hound comes into view.
The ogre closely misses you.
There is a stone staircase leading up here.
You hit the ogre.
The ogre is moderately wounded.
The ogre hits you with a +0 giant club!
You hit the ogre but do no damage.
The ogre is moderately wounded.
The ogre hits you with a +0 giant club!!
Ouch! That really hurt!
* * * LOW HITPOINT WARNING * * *
The ogre hits you with a +0 giant club!!
Ouch! That really hurt!
You die...

Skill      XL: |  1  2  3  4 |
---------------+-------------+-----
Long Blades    | 4 6 |  6.9
Fighting       | |  2.6
Dodging        | |  3.2

Action                     |  1- 3 |  4- 6 || total
---------------------------+-------+-------++-------
  Melee: Falchion          |   108 |   109 ||   217
         Bite              |     9 |    16 ||    25
  Throw: Boomerang         |       |     4 ||     4
    Use: Scroll            |       |     6 ||     6
 Armour: Robe              |     2 |       ||     2
         Leather armour    |    17 |     9 ||    26
  Dodge: Dodged            |    99 |    74 ||   173

Levels and vault maps discovered:
D:1:      matt_arrival_grand_opening, layout_basic
D:2:      layout_loops_ring, basic_altar, minmay_divided_ellipse
D:3:      layout_basic, mainiacjoe_overflow_small_starburst
D:4:      layout_rooms, mainiacjoe_overflow_chevrons
D:5:      wander_river, layout_rooms, lemuel_temple_firewalk_b, uniq_sigmund

Notes
Turn   | Place    | Note
-------+----------+-------------------------------------------
     0 | D:1      | Drazool the Vampire Monk began the quest for the Orb.
     0 | D:1      | Reached XP level 1. HP: 17/17 MP: 1/1
   136 | D:1      | Reached XP level 2. HP: 20/23 MP: 2/2
   380 | D:1      | Reached skill level 4 in Long Blades
   746 | D:1      | Gained mutation: You are afflicted with vampirism and can
                  | become a bat while bloodless. [Vampire growth]
   746 | D:1      | Reached XP level 3. HP: 27/28 MP: 3/3
   894 | D:2      | Found a radiant altar of Vehumet.
   933 | D:2      | Identified a +2 robe of the Archmagi
  1205 | D:2      | Reached XP level 4. HP: 23/34 MP: 4/4
  1241 | D:2      | Identified the ring of the Shining One's Whim {rElec rF-
                  | rCorr Dex+3}
  1339 | D:2      | Reached skill level 5 in Long Blades
  2181 | D:3      | Found a stormy altar of Qazlal.
  2330 | D:4      | Noticed an ogre
  2337 | D:4      | Killed an ogre
  2338 | D:4      | Reached skill level 6 in Long Blades
  2338 | D:4      | Reached XP level 5. HP: 39/39 MP: 5/5
  2371 | D:4      | Found an ancient bone altar of Kikubaaqudgha.
  2550 | D:4      | Reached XP level 6. HP: 24/46 MP: 6/6
  2864 | D:5      | Entered Level 5 of the Dungeon
  2875 | D:5      | Annihilated by an ogre

Vanquished Creatures
  An ogre (D:4)
  2 jellies (D:4)
  An orc wizard (D:4)
  2 adders (D:2)
  A worm (D:2)
  4 dart slugs
  5 orcs
  9 ball pythons
  4 endoplasms
  3 giant cockroaches (D:2)
  13 goblins
  5 hobgoblins
  6 jackals (D:4)
  10 quokkas
  5 bats
  3 frilled lizards
  8 kobolds
  6 rats
88 creatures vanquished.

Table legend: (Time is in decaauts)
 A = Elapsed time spent in this place.
 B = Non-inter-level travel time spent in this place.
 C = Inter-level travel time spent in this place.
 D = Time resting spent in this place.
 E = Time spent auto-exploring this place.
 F = Levels seen in this place.
 G = Mean time per level.
                   A        B        C        D        E       F      G
               +--------+--------+--------+--------+--------+-----+--------+
         Total |   2885 |   2778 |    107 |      0 |   2181 |   5 |  577.0 |
       Dungeon |   2885 |   2778 |    107 |      0 |   2181 |   5 |  577.0 |
               +--------+--------+--------+--------+--------+-----+--------+

Top non-repeatable levels by time:
     D:1: 900 daAuts
     D:2: 873 daAuts
     D:4: 577 daAuts
     D:3: 523 daAuts
     D:5: 10 daAuts

Table legend:
 A = Non-vault XP
 B = Vault XP
 C = Vault XP percentage of total XP
 D = Non-vault monster count
 E = Vault monster count
 F = Vault count percentage of total count
                 A         B        C        D         E       F
            +---------+---------+-------+---------+---------+-------
      Total |     381 |      45 |  10.6 |      75 |      13 |  14.8
            +---------+---------+-------+---------+---------+-------
        D:1 |      49 |       0 |   0.0 |      26 |       0 |   0.0
        D:2 |      27 |      45 |  62.5 |      15 |      13 |  46.4
        D:3 |      16 |       0 |   0.0 |       9 |       0 |   0.0
        D:4 |     289 |       0 |   0.0 |      25 |       0 |   0.0
            +---------+---------+-------+---------+---------+-------
